 Dungeon Crawl Stone Soup version 0.30-a0-367-g839099abd5 (webtiles) character file.

Game seed: 13704614042087304504

10650 Bnni the Spear-Bearer (level 11, -1/88 (92) HPs)
             Began as a Formicid Fighter on Nov 18, 2022.
             Was an Initiate of Yredelemnul.
             Slain by a dire elephant simulacrum (11 damage)
             ... in an ice cave.
             The game lasted 00:21:15 (10939 turns).

Bnni the Spear-Bearer (Formicid Fighter)           Turns: 10939, Time: 00:21:17

HP:   -1/88 (92)    AC: 15    Str: 26    XL:     11   Next: 96%
MP:   16/16         EV:  7    Int: 11    God:    Yredelemnul [......]
Gold: 665           SH: 16    Dex: 13    Spells: 10/10 levels left

rFire   x . .      SeeInvis +    y - +0 scythe
rCold   + + .      Faith    .    M - +0 tower shield {rC+}
rNeg    . . .      Spirit   .    x - +6 scale mail of the Thirsty Mystics {rElec Int+4}
rPois   .          Reflect  .    (helmet unavailable)
rElec   +          Harm     .    I - scarf {repulsion}
rCorr   .          Rampage  .    g - +0 pair of gloves
Will    +....                    b - +0 pair of boots
Stlth   ..........               (no amulet)
HPRegen 0.34/turn                e - ring of ice
MPRegen 0.15/turn                (no ring)

@: lightly drained, invisible, repel missiles
A: permanent stasis, dig shafts and tunnels, antennae 3, four strong arms
a: Dig, Renounce Religion, Recall Undead Harvest


You were in an ice cave.
You worshipped Yredelemnul.
Yredelemnul was noncommittal.
You visited 1 branch of the dungeon, and saw 12 of its levels.
You also visited: Ice Cave.

You collected 665 gold pieces.

Inventory:

Hand Weapons
 a - a +0 trident
 y - a +0 scythe (weapon)
Missiles
 n - a throwing net
 B - a curare-tipped dart
 L - 6 javelins
Armour
 b - a +0 pair of boots (worn)
 g - a +0 pair of gloves (worn)
 t - a +0 kite shield
 x - the +6 scale mail of the Thirsty Mystics (worn) {rElec Int+4}
   (You found it on level 5 of the Dungeon)

   Int:       It affects your intelligence (+4).
   rElec:     It insulates you from electricity.
 I - a scarf of repulsion (worn)
 M - a +0 tower shield of cold resistance (worn)
Jewellery
 e - a ring of ice (left hand)
Wands
 f - a wand of digging (6)
 p - a wand of acid (4)
 s - a wand of flame (14)
 C - a wand of polymorph (8)
Scrolls
 h - 4 scrolls of amnesia {unknown}
 k - 3 scrolls of fog {unknown}
 l - 3 scrolls of torment {unknown}
 m - 4 scrolls of enchant weapon {unknown}
 q - a scroll of blinking {unknown}
 u - 2 scrolls of fear {unknown}
 D - 2 scrolls of magic mapping {unknown}
 E - 2 scrolls of enchant armour {unknown}
 F - a scroll of poison {unknown}
 G - 2 scrolls of immolation {unknown}
 K - a scroll of silence {unknown}
Potions
 c - 5 potions of curing
 d - a potion of might
 i - 4 potions of brilliance
 j - 3 potions of attraction
 o - a potion of ambrosia
 r - 3 potions of flight
 v - 4 potions of heal wounds
 z - 2 potions of mutation {unknown}
 A - a potion of cancellation
 H - 2 potions of resistance
 J - 2 potions of lignification


   Skills:
 + Level 10.4 Fighting
 * Level 13.0 Polearms
 - Level 3.2 Armour
 + Level 10.0 Shields
 + Level 6.7 Invocations


You had 10 spell levels left.
You didn't know any spells.
Your spell library contained the following spells:

 Spells                   Type           Power      Damage    Failure   Level
 Magic Dart               Conj           0%         1d3       97%         1
 Necrotise                Necr           0%         1d4       97%         1
 Momentum Strike          Conj/Tloc      0%         3d8       99%         2
 Searing Ray              Conj           0%         2d4       99%         2
 Lesser Beckoning         Tloc           0%         N/A       100%        3
 Portal Projectile        Hex/Tloc       0%         N/A       100%        3
 Tukima's Dance           Hex            0%         N/A       100%        3
 Vampiric Draining        Necr           0%         2d6       100%        3
 Airstrike                Air            0%         2d(0-16)  100%        4
 Fulminant Prism          Conj/Hex       0%         3d5       100%        4
 Leda's Liquefaction      Hex/Erth       0%         N/A       100%        4
 Summon Ice Beast         Ice/Summ       0%         N/A       100%        4
 Agony                    Necr           0%         N/A       100%        5
 Alistair's Intoxication  Tmut/Pois      0%         N/A       100%        5
 Blade Hands              Tmut           0%         N/A       100%        5
 Borgnjor's Vile Clutch   Necr/Erth      0%         N/A       100%        5
 Lee's Rapid Deconstruct  Erth           0%         3d4*      100%        5
 Summon Mana Viper        Hex/Summ       0%         N/A       100%        5
 Eringya's Noxious Bog    Tmut/Pois      0%         N/A       100%        6
 Statue Form              Tmut/Erth      0%         N/A       100%        6
 Monstrous Menagerie      Summ           0%         N/A       100%        7
 Blink                    Tloc           Unusable   N/A       N/A         2

Dungeon Overview and Level Annotations

Branches:
Dungeon (12/15)            Temple (0/1) D:4            Lair (0/5) D:10
    Orc (0/2) D:11          IceCv (1/1)

Altars:
Elyvilon
Gozag
Kikubaaqudgha
Nemelex Xobeh
Okawaru
Qazlal
Ru
Uskayaw
Wu Jian
Xom
Yredelemnul
Zin

Shops:
D:1 ?(?   D:4 :   D:8 :


Innate Abilities, Weirdness & Mutations

You cannot be hasted, slowed, berserked, paralysed or teleported.
You can dig through walls and to a lower floor.
You have a pair of large antennae on your head. (SInv)
Your four strong arms can wield two-handed weapons with a shield.


Message History

* * * LOW HITPOINT WARNING * * *
The harpy simulacrum freezes you. You resist.
* * * LOW HITPOINT WARNING * * *
Okay, then.
Okay, then.
Okay, then.
Press: ? - help, v - describe, . - travel
Here: a dire elephant simulacrum The floor.
Okay, then.
Unknown command.
It was a potion of heal wounds.
You feel much better.
The harpy simulacrum closely misses you.
The harpy simulacrum claws you but does no damage.
The dire elephant simulacrum tramples you.
You hold your ground!
The dire elephant simulacrum trunk-slaps you but does no damage.
You block the harpy simulacrum's attack. x2
You feel much better.
You block the harpy simulacrum's attack.
The harpy simulacrum claws you. The harpy simulacrum freezes you. You resist.
The harpy simulacrum claws you. The harpy simulacrum freezes you. You resist.
You block the harpy simulacrum's attack.
The dire elephant simulacrum tramples you!
You hold your ground!
You block the dire elephant simulacrum's attack.
You fade into invisibility!
The harpy simulacrum claws you! The harpy simulacrum freezes you. You resist.
You block the harpy simulacrum's attack.
The harpy simulacrum claws you but does no damage.
You block the harpy simulacrum's attack.
The dire elephant simulacrum tramples you!
* * * LOW HITPOINT WARNING * * *
You hold your ground!
The dire elephant simulacrum trunk-slaps you.
* * * LOW HITPOINT WARNING * * *
The dire elephant simulacrum freezes you!
You resist.
You die...
Your body rises from the dead as a mindless zombie.

##......# .#
##...##..# ###.
###...##...# ...#
##...####..## .⌠.
#...####..##### #..
##..###..#.##.## #.Z
#..##....#..#.#
#.Z####..##..##.#.##
#Z@#......#..##.#.#
##...)#§####..#####
######## ##.## {{ {
#..## { { ##...# { {
{ #...## { ##...#
#...# #.∩.#


You could see a dire elephant simulacrum (unable to see you) and 2 harpy
simulacra.

Vanquished Creatures
  A boulder beetle (D:12)
  A cyclops (D:11)
  An ugly thing (D:12)
  2 centaur zombies (D:10)
  A komodo dragon (D:6)
  Prince Ribbit (D:6)
  3 trolls
  Sigmund (D:6)
  3 wraiths
  4 shadows (D:10)
  3 yaks (D:11)
  2 vampires (D:10)
  A basilisk (D:12)
  2 wyverns
  3 vampire mosquitoes (D:12)
  Eustachio (D:6)
  A death yak simulacrum (IceCv)
  A steam dragon (D:9)
  2 wargs (D:10)
  Edmund (D:6)
  An acid dragon (D:8)
  An orc warrior (D:12)
  2 sky beasts
  A black bear (D:7)
  3 ogres
  A centaur (D:5)
  2 kobold brigands
  2 bullfrogs
  2 scorpions (D:6)
  3 gnoll sergeants
  2 necrophages
  9 wights
  An elephant simulacrum (IceCv)
  5 howler monkeys
  Crazy Yiuf (D:3)
  6 orc priests
  2 hounds
  2 jellies
  4 iguanas
  Terence (D:3)
  Natasha (twice) (D:2)
  4 orc wizards
  3 troll simulacra (IceCv)
  A wolf simulacrum (IceCv)
  A howler monkey zombie (D:10)
  Robin (D:2)
  15 gnolls
  A naga simulacrum (IceCv)
  4 adders
  A shadow imp (D:7)
  14 white imps
  2 ufetubi
  3 dart slugs
  22 orcs
  4 endoplasms
  A giant cockroach (D:3)
  9 goblins
  11 hobgoblins
  5 jackals
  5 quokkas
  6 ball pythons
  5 bats
  2 frilled lizards
  16 kobolds
  A rat (D:1)
225 creatures vanquished.

Vanquished Creatures (collateral kills)
  3 yaks (D:11)
  A wraith (D:10)
  A warg (D:10)
  An acid dragon (D:11)
  An orc warrior (D:10)
  A wight (D:9)
  2 gnolls
  An adder (D:5)
  2 white imps
  2 orcs
15 creatures vanquished.

Vanquished Creatures (others)
  An ugly thing zombie (D:12)
  A wyvern zombie (D:11)
  3 warg zombies (D:10)
  A bullfrog zombie (D:7)
  A centaur zombie (D:5)
  A black bear zombie (D:7)
  An orc wizard (D:10)
  2 howler monkey zombies (D:10)
  A spectral white imp (IceCv)
  A ball python zombie (D:4)
  9 gnoll zombies
  2 hobgoblin zombies (D:4)
  6 kobold zombies
  10 orc zombies
  A quokka zombie (D:4)
  3 fungi (D:3)
  A plant (D:10)
  2 withered plants (D:10)
47 creatures vanquished.

Grand Total: 287 creatures vanquished

Notes
Turn   | Place    | Note
-------+----------+-------------------------------------------
     0 | D:1      | Bnni the Formicid Fighter began the quest for the Orb.
     0 | D:1      | Reached XP level 1. HP: 18/18 MP: 1/1
    67 | D:1      | Reached XP level 2. HP: 4/24 MP: 2/2
   164 | D:1      | Found Fisotip's Magic Scroll Emporium.
   228 | D:1      | Found Qehuro's Antique Weapon Shoppe.
   236 | D:1      | Found Jeusin's Magic Scroll Emporium.
   652 | D:2      | Reached XP level 3. HP: 29/29 MP: 3/3
   742 | D:2      | Noticed Robin
   751 | D:2      | Killed Robin
   752 | D:2      | Reached skill level 3 in Polearms
   888 | D:2      | Found an ornate altar of the Wu Jian Council.
  1194 | D:2      | Noticed Natasha
  1199 | D:2      | Killed Natasha
  1200 | D:2      | Reached XP level 4. HP: 29/37 MP: 4/4
  1227 | D:2      | Noticed Natasha
  1241 | D:2      | Killed Natasha
  1377 | D:2      | Found a faded altar of an unknown god.
  1501 | D:3      | Noticed Terence
  1505 | D:3      | Killed Terence
  1506 | D:3      | Reached skill level 5 in Shields
  1506 | D:3      | Reached XP level 5. HP: 41/42 MP: 5/5
  1537 | D:3      | Found an iron altar of Okawaru.
  1556 | D:3      | Reached skill level 4 in Polearms
  1821 | D:3      | Found a basalt altar of Yredelemnul.
  1846 | D:3      | Became a worshipper of Yredelemnul the Dark
  2058 | D:3      | Found a runed translucent door.
  2059 | D:3      | Noticed Crazy Yiuf
  2073 | D:3      | Killed Crazy Yiuf
  2074 | D:3      | Reached XP level 6. HP: 13/49 MP: 6/6
  2431 | D:4      | Found a staircase to the Ecumenical Temple.
  2472 | D:4      | Found a stormy altar of Qazlal.
  2483 | D:4      | Found an opulent altar of Gozag.
  2558 | D:4      | HP: 2/49 [orc priest/divine providence (14)]
  2567 | D:4      | Reached skill level 5 in Polearms
  2849 | D:4      | Found Ozxabube's Book Emporium.
  3006 | D:4      | Found a hide-covered altar of Uskayaw.
  3127 | D:4      | Reached XP level 7. HP: 55/55 MP: 7/7
  3210 | D:4      | Found a sparkling altar of Nemelex Xobeh.
  3269 | D:5      | Entered Level 5 of the Dungeon
  3320 | D:5      | Reached skill level 5 in Fighting
  3321 | D:5      | Reached * piety under Yredelemnul
  3523 | D:5      | Identified the +6 scale mail of the Thirsty Mystics {rElec
                  | Int+4}
  3594 | D:5      | Found an ancient bone altar of Kikubaaqudgha.
  3985 | D:6      | Reached skill level 6 in Polearms
  3987 | D:6      | Noticed Edmund
  4009 | D:6      | Killed Edmund
  4010 | D:6      | Reached XP level 8. HP: 49/63 MP: 8/8
  4111 | D:6      | Noticed Eustachio
  4112 | D:6      | Noticed Prince Ribbit
  4146 | D:6      | Killed Prince Ribbit
  4164 | D:6      | Killed Eustachio
  4374 | D:6      | Found a white marble altar of Elyvilon.
  4392 | D:6      | Reached skill level 7 in Polearms
  4393 | D:6      | Noticed Sigmund
  4416 | D:6      | Killed Sigmund
  4417 | D:6      | Reached XP level 9. HP: 56/70 MP: 9/9
  4836 | D:6      | Noticed a komodo dragon
  4847 | D:6      | Killed a komodo dragon
  4848 | D:6      | Reached skill level 8 in Polearms
  4988 | D:6      | Reached ** piety under Yredelemnul
  5257 | D:6      | Noticed a troll
  5267 | D:6      | Killed a troll
  5268 | D:6      | Reached skill level 10 in Shields
  5560 | D:7      | Reached skill level 9 in Polearms
  5592 | D:7      | Reached XP level 10. HP: 57/80 MP: 10/10
  5960 | D:7      | Found a glowing silver altar of Zin.
  5968 | D:7      | Got the Directory of Gusts and Blasts
  6201 | D:8      | Found a sacrificial altar of Ru.
  6341 | D:8      | Found a shimmering altar of Xom.
  6645 | D:8      | Found Latim's Vocational Training.
  7090 | D:9      | Reached skill level 10 in Polearms
  7487 | D:9      | Reached skill level 1 in Invocations
  8101 | D:10     | Entered Level 10 of the Dungeon
  8190 | D:10     | Found a staircase to the Lair.
  8263 | D:10     | Reached skill level 11 in Polearms
  8473 | D:10     | Reached XP level 11. HP: 34/89 MP: 13/13
  8792 | D:10     | Reached skill level 5 in Invocations
  8995 | D:10     | Reached skill level 12 in Polearms
  9122 | D:11     | Found a shimmering altar of Xom.
  9145 | D:11     | Found a shimmering altar of Xom.
  9150 | D:11     | Found a shimmering altar of Xom.
  9150 | D:11     | Found a shimmering altar of Xom.
  9150 | D:11     | Found a shimmering altar of Xom.
  9154 | D:11     | Found a shimmering altar of Xom.
  9154 | D:11     | Found a shimmering altar of Xom.
  9412 | D:11     | Found a staircase to the Orcish Mines.
  9729 | D:11     | Reached skill level 10 in Fighting
  9941 | D:11     | Noticed a cyclops
  9950 | D:11     | Killed a cyclops
 10208 | D:12     | Noticed a brown ugly thing
 10220 | D:12     | Killed a brown ugly thing
 10224 | D:12     | Noticed a boulder beetle
 10256 | D:12     | Killed a boulder beetle
 10674 | D:12     | Found a frozen archway.
 10718 | IceCv    | Entered an ice cave
 10813 | IceCv    | Reached skill level 13 in Polearms
 10939 | IceCv    | Slain by a dire elephant simulacrum

Illustrated notes

Levels and vault maps discovered:
D:1:      tarquinn_simple_flora_water_c, layout_basic, serial_shops,
          nicolae_shop_competitors_out_of_business, shop_scrolls,
          nicolae_shop_trees
D:2:      layout_basic, shapermc_ecumenical_altar_mp_vishouse, basic_altar,
          minivault_14, uniq_robin, uniq_natasha
D:3:      layout_rooms, okawaru_ov_weapons_minmay, mainiacjoe_overflow_24_doors,
          uniq_terence, uniq_crazy_yiuf_cottage
D:4:      layout_basic, nicolae_uskayaw_dance_hall, nemelex_dance_club_becter,
          amethyst_overflow_temple_binary, temple_fountains, serial_shops,
          nicolae_shop_stone
D:5:      layout_loops_cross, mainiacjoe_overflow_alcove_1
D:6:      layout_basic, nicolae_elyvilon_peaceful_grove, dk_vineyard_1,
          nicolae_sextant, uniq_sigmund, uniq_prince_ribbit1, uniq_eustachio,
          uniq_edmund
D:7:      layout_basic, kennysheep_mini_moat, hex_large
D:8:      layout_gridville, mainiacjoe_overflow_six_doors_small,
          mainiacjoe_overflow_surrounded_room, nicolae_shop_vocational
D:9:      layout_basic
D:10:     layout_basic, erik_lair_orcish_takeover, serial_undead,
          serial_undead_d, serial_undead_e, serial_undead_f, serial_undead_c
D:11:     layout_cave_pods, orc_0_dummy, nicolae_xom_altar_mimics
D:12:     minmay_stepped, layout_cave_pods, portal_ice_cave_entry_imps,
          nicolae_qazlal_eye_of_the_storm
IceCv:    ice_cave_caverns_02

Skill      XL: |  1  2  3  4  5  6  7  8  9 10 11 |
---------------+----------------------------------+-----
Polearms       | 3 4 5 6 7 9 11 13 | 13.0
Fighting       | 4 5 6 7 9 10 | 10.4
Shields        | 5 6 8 10 | 10.0
Invocations    | 3 6 |  6.7
Armour         | |  3.2

Action                   |  1- 3 |  4- 6 |  7- 9 | 10-12 || total
-------------------------+-------+-------+-------+-------++-------
Melee: Trident           |   112 |   165 |   300 |    28 ||   605
       Halberd           |       |       |       |   430 ||   430
Throw: Dart              |       |       |     1 |     2 ||     3
Invok: Recall Undead Har |       |       |       |     1 ||     1
 Abil: Dig               |       |       |       |     1 ||     1
Evoke: Wand              |       |       |     5 |       ||     5
  Use: Scroll            |     1 |     4 |     3 |     5 ||    13
       Potion            |       |     2 |     1 |    11 ||    14
 Stab: Distracted        |       |       |     1 |     3 ||     4
Armor: Scale mail        |    36 |    26 |    68 |   152 ||   282
       Chain mail        |       |    41 |     7 |       ||    48
Dodge: Dodged            |    41 |    44 |    81 |   129 ||   295
       Repelled          |       |       |       |     9 ||     9
Block: Buckler           |    26 |    22 |       |       ||    48
       Kite shield       |       |    23 |   132 |   223 ||   378
       Tower shield      |       |       |       |    14 ||    14

Table legend: (Time is in decaauts)
 A = Elapsed time spent in this place.
 B = Non-inter-level travel time spent in this place.
 C = Inter-level travel time spent in this place.
 D = Time resting spent in this place.
 E = Time spent auto-exploring this place.
 F = Levels seen in this place.
 G = Mean time per level.
                   A        B        C        D        E       F      G
               +--------+--------+--------+--------+--------+-----+--------+
         Total |  11009 |  10651 |    358 |    640 |   7942 |  13 |  846.8 |
       Dungeon |  10789 |  10431 |    358 |    596 |   7845 |  12 |  899.1 |
      Ice Cave |    219 |    219 |      0 |     44 |     97 |   1 |  219.0 |
               +--------+--------+--------+--------+--------+-----+--------+

Top non-repeatable levels by time:
     D:6: 1413 daAuts
    D:11: 1145 daAuts
     D:9: 1057 daAuts
     D:4: 1039 daAuts
    D:10: 955 daAuts
     D:2: 932 daAuts
     D:8: 870 daAuts
     D:7: 821 daAuts
     D:3: 754 daAuts
     D:5: 688 daAuts
     D:1: 594 daAuts
    D:12: 514 daAuts
   IceCv: 219 daAuts
